Map: Kairos Junction LE

Players

MarineLorD

  • Race: Terran Terran
  • League: Grandmaster
  • Spawn Location: 11:00

Reynor - Winner!

  • Race: Zerg Zerg
  • League: Master
  • Spawn Location: 5:00

Event: 2019 WCS Winter Europe

VOD

Have the link to the VOD?

Description

Time

  • Played on: Feb. 8, 2019, 9:14 a.m.
  • Length: 11:27

All games in this series

Show
View Real Time Build Order
Export as new Build Order

MarineLorD Terran 

Build Orders: Command Center First (CC), Mech 

Get SALT Encoding   

  12  0:00  SCV  
  13  0:12  SCV  
  14  0:17  Supply Depot  
  14  0:24  SCV  
  15  0:39  SCV  
  16  0:51  SCV  
  17  0:58  Command Center  
  17  1:03  SCV  
  18  1:13  Barracks  
  18  1:15  SCV  
  19  1:21  Refinery  
  19  1:27  SCV  
  20  1:39  SCV  
  21  1:51  SCV  
  22  2:00  Marine  
  23  2:05  Orbital Command  
  23  2:10  Orbital Command  
  23  2:18  Marine  
  24  2:26  Factory  
  24  2:31  SCV  
  25  2:37  SCV  
  25  2:40  Barracks Reactor  
  26  2:46  SCV  
  26  2:47  Command Center  
  26  2:50  SCV  
  28  2:54  Bunker  
  28  2:58  SCV  
  28  3:01  Refinery  
  28  3:02  SCV  
  30  3:10  SCV  
  31  3:15  SCV  
  31  3:19  Hellion x2  
  36  3:23  SCV  
  37  3:30  SCV, Supply Depot  
  38  3:39  Supply Depot  
  38  3:44  Barracks Tech Lab  
  38  3:47  Factory x2  
  38  3:51  SCV x2, Hellion x2  
  44  4:00  Orbital Command  
  44  4:03  SCV  
  44  4:04  SCV  
  44  4:05  Refinery  
  46  4:10  Barracks Tech Lab  
  46  4:13  Refinery  
  46  4:14  Supply Depot  
  46  4:15  SCV  
  46  4:16  SCV  
  48  4:19  Hellion  
  50  4:27  SCV  
  50  4:28  SCV  
  50  4:30  SCV  
  51  4:36  Hellion  
  53  4:40  SCV x2  
  53  4:42  SCV  
  53  4:43  Supply Depot  
  53  4:45  Cyclone  
  59  4:46  Mag-Field Accelerator  
  59  4:50  Cyclone  
  59  4:52  SCV x2  
  64  4:54  SCV  
  64  4:58  Hellion x2  
  69  5:04  SCV x2  
  69  5:06  Supply Depot  
  71  5:08  Orbital Command  
  69  5:16  SCV  
  69  5:19  SCV, Cyclone  
  69  5:20  Hellion x2  
  76  5:23  Cyclone  
  76  5:28  SCV  
  80  5:29  Infernal Pre-Igniter  
  80  5:31  SCV  
  80  5:33  SCV  
  80  5:34  Armory x2  
  82  5:41  SCV  
  82  5:42  Supply Depot x2  
  83  5:44  Supply Depot, Refinery  
  83  5:47  Refinery  
  83  5:48  Hellion x2  
  87  5:51  SCV x2  
  87  5:53  SCV  
  90  5:59  Supply Depot  
  90  6:03  Siege Tank  
  90  6:04  SCV, Siege Tank  
  97  6:06  SCV  
  97  6:07  SCV  
  97  6:10  Supply Depot  
  99  6:16  SCV  
  100  6:19  SCV, Supply Depot  
  100  6:20  SCV  
  102  6:27  Hellion x2  
  102  6:28  SCV  
  102  6:31  SCV  
  108  6:34  SCV  
  97  6:40  SCV  
  97  6:43  SCV  
  97  6:46  SCV  
  98  6:49  Barracks Reactor  
  98  6:50  Factory, Terran Vehicle Weapons Level 1  
  98  6:51  Terran Vehicle And Ship Armor Level 1, Factory  
  98  6:52  SCV, Starport  
  99  6:55  SCV  
  99  6:58  SCV  
  101  7:04  SCV  
  101  7:07  SCV  
  103  7:09  Siege Tank  
  103  7:10  SCV, Hellbat x2, Siege Tank  
  112  7:16  SCV  
  112  7:17  Engineering Bay  
  112  7:19  SCV  
  112  7:22  SCV  
  115  7:28  SCV  
  116  7:31  SCV, Starport Reactor  
  116  7:32  Hellion x2  
  116  7:34  SCV  
  116  7:35  Supply Depot  
  122  7:40  SCV  
  126  7:44  Factory Reactor, Siege Tank x2  
  126  7:45  Factory Tech Lab  
  126  7:47  Factory Tech Lab  
  126  7:48  SCV  
  130  7:55  Hellion x3, Hellbat, Command Center  
  138  8:08  Supply Depot  
  138  8:09  Supply Depot  
  138  8:10  Siege Tank, Supply Depot  
  138  8:11  Supply Depot  
  141  8:15  Viking x2  
  141  8:16  Siege Tank  
  139  8:27  Hellion, Hellbat, Siege Tank  
  139  8:28  Hellion  
  139  8:30  Hellbat  
  150  8:38  Supply Depot  
  150  8:45  Viking x2  
  148  8:51  Hellbat x3, Siege Tank  
  148  8:52  Siege Tank  
  153  9:00  Supply Depot x3  
  153  9:02  Supply Depot  
  153  9:04  Supply Depot  
  153  9:06  Supply Depot  
  153  9:13  Hellbat  
  153  9:20  Viking x2  
  153  9:23  Thor  
  165  9:24  Hellbat x3, Thor  
  156  9:39  Siege Tank  
  156  9:40  Hellion  
  156  9:45  Hellbat, Hellion x2, Liberator  
  159  9:46  Liberator  
  159  10:03  Hellion x18  
  159  10:04  Hellion x4  
  159  10:05  Refinery  
  159  10:06  Siege Tank, Refinery  
  168  10:07  Siege Tank  
  168  10:11  Siege Tank  
  168  10:12  Hellbat  
  144  10:38  Siege Tank  
  144  10:40  Siege Tank  
  138  10:43  Siege Tank  
  147  11:02  Hellbat x4  
Show
View Real Time Build Order
Export as new Build Order

Reynor Zerg - Winner!

Build Orders: Hatch First, Swarm Host 

Get SALT Encoding   

  12  0:00  Drone  
  13  0:12  Overlord  
  13  0:16  Drone  
  14  0:30  Drone x2  
  16  0:48  Hatchery  
  15  0:51  Drone  
  15  0:55  Drone  
  17  0:59  Drone  
  18  1:08  Extractor  
  17  1:14  Spawning Pool  
  17  1:17  Drone  
  17  1:20  Drone  
  18  1:28  Drone  
  19  1:38  Drone  
  20  1:49  Overlord  
  20  2:00  Queen x2  
  20  2:01  Zergling x4  
  26  2:10  Drone  
  26  2:11  Drone  
  28  2:18  Metabolic Boost  
  28  2:23  Drone x2  
  30  2:36  Drone  
  31  2:40  Hatchery  
  31  2:42  Drone  
  31  2:44  Drone  
  32  2:49  Overlord  
  32  2:53  Drone  
  32  2:54  Drone  
  34  3:05  Queen  
  36  3:09  Drone x2  
  36  3:11  Pneumatized Carapace  
  38  3:13  Drone  
  38  3:15  Drone  
  40  3:23  Overlord  
  40  3:25  Zergling x4  
  43  3:27  Drone  
  43  3:31  Drone  
  44  3:41  Overlord  
  44  3:43  Drone  
  44  3:44  Queen, Drone  
  44  3:46  Zergling x4  
  44  3:48  Drone x2  
  52  3:51  Overlord  
  52  3:54  Drone x2  
  54  4:01  Drone  
  55  4:04  Drone x2  
  55  4:06  Drone  
  55  4:09  Queen  
  58  4:15  Drone x3  
  63  4:17  Overlord  
  63  4:19  Zergling x4  
  63  4:21  Drone x2  
  66  4:26  Drone  
  66  4:30  Drone  
  67  4:33  Drone  
  67  4:35  Drone  
  69  4:41  Drone x2  
  69  4:44  Evolution Chamber  
  69  4:45  Evolution Chamber, Drone x2  
  71  4:47  Overlord, Drone  
  71  4:48  Queen  
  74  4:53  Zergling x4  
  74  4:57  Drone  
  77  5:01  Extractor  
  77  5:04  Drone x3  
  77  5:06  Overlord  
  79  5:08  Zergling x2  
  80  5:15  Drone x2  
  80  5:18  Drone x2  
  80  5:19  Drone  
  80  5:20  Lair, Extractor  
  85  5:21  Drone  
  85  5:22  Roach Warren, Zerg Missile Weapons Level 1  
  85  5:24  Drone  
  85  5:27  Drone  
  86  5:30  Drone  
  86  5:33  Hatchery  
  86  5:34  Zerg Ground Armor Level 1  
  86  5:35  Overlord, Extractor x2, Drone x2  
  86  5:36  Drone x3  
  86  5:40  Extractor, Zergling x2  
  86  5:41  Zergling x2  
  86  5:42  Overlord  
  90  5:50  Overlord  
  90  5:55  Zergling x8  
  94  5:59  Overlord  
  94  6:09  Roach x8  
  110  6:17  Roach  
  110  6:18  Roach  
  114  6:19  Overlord  
  114  6:23  Roach x4  
  121  6:30  Overlord  
  119  6:34  Drone  
  119  6:38  Overlord  
  120  6:45  Glial Reconstitution, Drone  
  108  6:47  Infestation Pit  
  108  6:48  Roach  
  108  6:49  Roach x6  
  108  6:51  Roach  
  122  7:00  Drone  
  123  7:02  Roach x2  
  127  7:11  Overlord  
  127  7:13  Drone x3  
  127  7:14  Hatchery  
  129  7:18  Zerg Missile Weapons Level 2  
  129  7:20  Overlord  
  129  7:25  Overlord x3  
  129  7:32  Swarm Host x5  
  144  7:39  Roach x3, Swarm Host  
  151  7:45  Zerg Ground Armor Level 2  
  151  7:47  Swarm Host x2  
  151  7:50  Drone x7  
  164  7:55  Extractor x2  
  162  8:01  Swarm Host x3  
  163  8:07  Swarm Host  
  163  8:10  Overlord  
  163  8:12  Swarm Host x2  
  168  8:23  Roach x5  
  168  8:24  Overlord  
  178  8:28  Queen  
  178  8:30  Drone x2  
  178  8:31  Swarm Host x2  
  178  8:33  Roach  
  190  8:36  Roach  
  192  8:42  Overlord  
  192  8:47  Roach x4  
  192  8:48  Roach x2  
  198  8:56  Hive  
  198  9:18  Hatchery  
  197  9:25  Ravager x3  
  197  9:31  Hatchery  
  189  9:40  Roach  
  189  9:41  Roach x11  
  189  9:42  Roach  
  199  9:48  Ravager  
  194  10:21  Roach x2  
  194  10:22  Roach x2  
  194  10:24  Viper x2  
  194  10:28  Roach  
  200  10:29  Hydralisk Den  
  197  10:36  Roach x3  
  197  10:39  Roach x2  
  194  10:42  Roach  
  194  10:43  Roach x3  
  200  10:51  Overlord  
  200  10:56  Overlord  
  200  11:12  Extractor  
  200  11:13  Extractor  
Tags
 
Add a new tag
Caveats
  • Supply blocks, unpowered buildings, or Contaminate may cause inaccurate times.
  • Supply counts are checked every 10 seconds.